AoeStats
← Moron With A Gun

Nomad

508142980Analyzed
4v4 RM · 13d ago on Sep 21, 2026· 33m 16s· 8 players
Game mode
Random Map
Map size
231×231
Population
200
Speed
Normal
Resources
Standard
Victory
Conquest
Starting age
Dark Age
Ending age
Imperial Age
RankedLock teamsTeams togetherTeam positionsShared explorationLock speedFull tech treeHidden civsTurbo modeCheats
Victory
Defeat
🇨🇷 Malians · Costa Rica
1236
+8
🇺🇸 Japanese · United States
1188
+10
🇦🇷 Dravidians · Argentina
1126
+12
🇲🇽 Vietnamese · Mexico
1033
+15
🇺🇸 Chinese · United States
1084
-13
🇪🇨 Spanish · Ecuador
1030
-11
🇺🇸 Franks · United States
1029
-11
🇦🇷 Khmer · Argentina
1015
-10
Moron With A Gun
3:37 Loom
16:57 Feudal Age
24:24 Castle Age
aegilello
5:07 Loom
13:50 Feudal Age
19:14 Castle Age
19:39 Wheelbarrow
26:14 Double-Bit Axe
29:29 Gold Mining
32:54 Imperial Age
31:36 Forging
31:33 Scale Barding Armor
Pato
4:17 Loom
17:11 Feudal Age
22:07 Castle Age
19:57 Horse Collar
20:53 Double-Bit Axe
21:29 Stone Mining
R-WAGNER
3:51 Loom
15:59 Feudal Age
20:59 Castle Age
HUGO BOSS
4:33 Loom
16:20 Feudal Age
17:52 Double-Bit Axe
18:13 Fletching
18:37 Gold Mining
22:25 Castle Age
21:06 Padded Archer Armor
22:28 Crossbowman
23:04 Bodkin Arrow
24:04 Leather Archer Armor
24:09 Thumb Ring
25:50 Bow Saw
26:15 Ballistics
27:28 Wheelbarrow
29:08 Hand Cart
28:39 Town Watch
30:02 Town Patrol
35:00 Imperial Age
[ATARB] ExDic Nicolas Maduro
3:24 Loom
14:34 Feudal Age
24:07 Castle Age
22:11 Double-Bit Axe
22:09 Horse Collar
24:05 Fletching
24:15 Padded Archer Armor
24:47 Elite Skirmisher
seantairs
4:49 Loom
14:50 Feudal Age
20:52 Castle Age
20:53 Double-Bit Axe
25:04 Scale Mail Armor
27:37 Bow Saw
27:22 Gold Mining
31:28 Squires
31:14 Arson
31:42 Forging
32:55 Horse Collar
[ATARB]PELUCHE GUACHIN
13:40 Feudal Age
14:14 Double-Bit Axe
14:58 Gold Mining
14:52 Man-at-Arms
19:00 Horse Collar
25:37 Castle Age
26:00 Forging
25:51 Scale Mail Armor
25:51 Long Swordsman
26:19 Gambesons
26:47 Squires
26:33 Arson
28:19 Chain Mail Armor
28:08 Heavy Plow
28:21 Bow Saw
29:50 Wheelbarrow
29:49 Forging
32:23 Iron Casting
32:57 Hand Cart
32:40 Fishing Lines
Connection lost

Rejoining the realm…

Still unreachable

The connection could not be restored.

Session expired

The server has moved on; the page needs a fresh start.